 Dungeon Crawl Stone Soup version 0.22-a0-538-g76cc104 (webtiles) character file.

58 inc the Conjurer (level 3, 0/14 HPs)
             Began as a Felid Fire Elementalist on June 23, 2018.
             Succumbed to an adder's poison
             ... on level 2 of the Dungeon.
             The game lasted 00:02:08 (1299 turns).

inc the Conjurer (Felid Fire Elementalist)          Turns: 1299, Time: 00:02:09

Health: 0/14       AC:  1    Str:  4    XL:     3   Next: 75%
Magic:  0/7        EV: 18    Int: 22    God:
Gold:   83         SH:  0    Dex: 16    Spells: 5/6 levels left
                                        Lives:  0   Deaths: 0

rFire    + . .     SeeInvis +   (weapon unavailable)
rCold    . . .     Gourm    .   (shield unavailable)
rNeg     . . .     Faith    .   (armour unavailable)
rPois    .         Spirit   .   (helmet unavailable)
rElec    .         Reflect  .   (cloak unavailable)
rCorr    .         Harm     .   (gloves unavailable)
MR       .....                  (boots unavailable)
Stlth    +++.......             (no amulet)
HPRegen  0.04/turn              f - ring of protection from fire
MPRegen  0.10/turn              g - +5 ring of intelligence

@: lethally poisoned (0 -> -9), hasted, very quick
A: very small, no armour, no weapons or thrown items, stealth, claws 1, fangs 3,
see invisible, carnivore, speed 1, shaggy fur 1, slow metabolism 1, sharp paws
a: no special abilities


You were on level 2 of the Dungeon.
You were not hungry.

You visited 1 branch of the dungeon, and saw 2 of its levels.

You collected 83 gold pieces.

Inventory:

Jewellery
 f - a ring of protection from fire (left paw)
 g - a +5 ring of intelligence (right paw)
Scrolls
 a - 2 scrolls of teleportation {unknown}
 c - a scroll of remove curse {unknown}
 e - a scroll of identify {unknown}
 h - a scroll of enchant weapon {unknown}
Potions
 d - a potion of haste
Comestibles
 b - a ration


   Skills:
 - Level 2.6 Dodging
 - Level 2.6 Stealth
 - Level 2.0 Spellcasting
 + Level 3.1 Conjurations
 + Level 2.9 Fire Magic


You had 5 spell levels left.
You knew the following spells:

 Your Spells              Type           Power        Failure   Level  Hunger
a - Flame Tongue          Conj/Fire      ###..        4%          1    #......

Your spell library contained the following spells:

 Spells                   Type           Power        Failure   Level  Hunger
 Fireball                 Conj/Fire      ###.......   73%         5    ######.
 Conjure Flame            Conj/Fire      ###.....     12%         3    ###....
 Throw Flame              Conj/Fire      ###...       6%          2    ##.....
 Sticky Flame             Conj/Fire      ###.....     36%         4    #####..
 Inner Flame              Hex/Fire       #.......     22%         3    ###....


Dungeon Overview and Level Annotations

Branches:
Dungeon (2/15)

Altars:


Innate Abilities, Weirdness & Mutations

You cannot wear armour.
You are incapable of wielding weapons or throwing items.
Your paws allow you to move quietly. (Stealth)
You have sharp claws.
You have razor-sharp teeth.
You have supernaturally acute eyesight. (SInv)
You are carnivorous and can eat meat at any time.
You cover ground quickly.
You are covered in fur. (AC +1)
You have a slow metabolism.
Your sharp claws are effective at attacking unaware monsters.


Message History

The flame tongue hits the adder.
The adder is almost dead.
* * * LOW HITPOINT WARNING * * *
You feel sick. The adder closely misses you.
Casting: Flame Tongue (safe; 4% risk of failure)
Confirm with . or Enter, or press ? or * to list all spells.
You don't have enough magic to cast that spell.
Unknown command.
You scratch the adder.
The adder is almost dead.
The adder misses you.
You barely miss the adder.
The adder is almost dead.
The adder bites you.
* * * LOW HITPOINT WARNING * * *
You are more poisoned.
The adder poisons you!
You scratch the adder.
You kill the adder!
You die...

#.##.......
####.##.#.#### ###
#...........##
..###.##.##.......
#.##...#.####.#.##
#.#......## #.#)#
#####.#...........#.#
#...........#######.#
#.###@#.....# #.#
#.##.###†#.....# #.##
.........###+### #...
###....###...## ####
#..#.##.....## ####
#...#...#......## ##.#.
....##...#.......####....
#... #...#.......'.......
##. #...#.......####....


There were no monsters in sight!

Vanquished Creatures
  3 adders (D:2)
  An ooze (D:2)
  4 bats
  2 giant cockroaches (D:1)
  4 goblins (D:1)
  3 hobgoblins (D:1)
  2 kobolds (D:1)
  2 ball pythons (D:1)
  6 rats (D:1)
27 creatures vanquished.

Notes
Turn   | Place    | Note
-------+----------+-------------------------------------------
     0 | D:1      | inc the Felid Fire Elementalist began the quest for the Orb.
     0 | D:1      | Reached XP level 1. HP: 7/7 MP: 4/4
     6 | D:1      | Reached skill level 1 in Conjurations
   192 | D:1      | Reached XP level 2. HP: 11/11 MP: 3/6
   207 | D:1      | Reached skill level 2 in Conjurations
   833 | D:2      | Reached XP level 3. HP: 9/14 MP: 2/7
  1279 | D:2      | Reached skill level 3 in Conjurations
  1299 | D:2      | Succumbed to an adder's poison

Vault maps used:
D:1:      minmay_arrival_shattered_statue
D:2:      nicolae_overflow_crystal_walls, lemuel_blue_sif_altar,
          okawaru_metal_pillars_1_2

Skill      XL: |  1  2  3 |
---------------+----------+-----
Conjurations   | 1 2 3 |  3.1
Dodging        | |  2.6
Stealth        | |  2.6
Spellcasting   | |  2.0
Fire Magic     | |  2.9

Action                   || total
-------------------------++-------
Melee: Unarmed           ||     5
 Cast: Flame Tongue      ||    47
  Use: Potion            ||     1
 Stab: Sleeping          ||     2
  Eat: Chunk             ||     1
Dodge: Dodged            ||    18

Table legend:
 A = Spawn XP
 B = Non-spawn XP
 C = Spawn XP percentage of total XP
 D = Spawn monster count
 E = Non-spawn monster count
 F = Spawn count percentage of total count
 G = Total turns spent on level
                    A         B        C        D         E        F      G
               +---------+---------+-------+---------+---------+-------+---------
         Total |       0 |      83 |   0.0 |       0 |      27 |   0.0 |  1299
               +---------+---------+-------+---------+---------+-------+---------
           D:1 |       0 |      34 |   0.0 |       0 |      22 |   0.0 |   805
           D:2 |       0 |      49 |   0.0 |       0 |       5 |   0.0 |   494
               +---------+---------+-------+---------+---------+-------+---------
